zoologist, lawful female human Archeologist --- --.-- |...-- --...| |...| ---.--- .------ |.)<| .......|------- ---.--- --.....|..|.|.----..*-- - |............(...[)... ..--#......---.....[*..--. -.....---...| --........- -...-- |...| ----.--.).. --...| ... -----.. |...@-- - --.@.... |..f..- --.---- --- zoologist the Investigator Experience level: 7 Strength: 16 Dexterity: 15 Constitution: 13 Intelligence: 14 Wisdom: 18 Charisma: 7 Health: 0(55) Energy: 38(38) Def: 11 Gold: 636 Moves: 7918 Dungeon seed: sVJKDDXsYdsKMmMy Game ID: zoologist_1526782913 Your Inventory: Coins $ - 636 gold pieces Weapons a - a +2 bullwhip M - a +0 orcish dagger Armor r - an uncursed +0 dwarvish iron helm (being worn) x - an uncursed +0 pair of iron shoes (being worn) y - an uncursed +1 alchemy smock (being worn) N - an uncursed +0 elven mithril-coat (being worn) Comestibles m - an uncursed food ration Scrolls h - 2 uncursed scrolls of light s - an uncursed scroll of teleportation A - an uncursed scroll of enchant armor R - a blessed scroll of food detection Potions u - an uncursed potion of sickness Rings G - an uncursed ring of conflict Wands t - a wand of opening (0:1) Q - a wand of slow monster (0:0) X - a wand of secret door detection (0:12) Tools c - a +0 pick-axe (weapon in hand) f - an uncursed sack j - an uncursed mirror k - a cursed magic lamp v - 7 uncursed wax candles (0:400) C - an uncursed bag of holding D - an uncursed stethoscope Gems e - an uncursed agate stone n - an uncursed worthless piece of yellowish brown glass q - an uncursed touchstone w - an uncursed chrysoberyl stone z - an uncursed worthless piece of white glass (in quiver) Y - an uncursed worthless piece of blue glass Contents of the sack: an uncursed potion of fruit juice 3 uncursed potions of water Contents of the bag of holding: a tinning kit (0:91) Spells and supernatural/magical abilities: Name Level Category Fail Memory r - remove curse 3 clerical 100% 65% W - pray for help -- divine ? -- Your skills at the end: Fighting Skills Weapon Skills pick-axe [Skilled] whip [Basic] Spellcasting Skills Final Attributes: You were piously aligned. You were poison resistant. You were acid resistant. You were telepathic. You were stealthy. You were fast. You are dead. Vanquished creatures: 2 small mimics a quivering blob a leprechaun 2 gnome kings a dingo a mountain nymph an orc shaman 3 rock piercers 2 yellow lights 2 shriekers 5 gnome lords 2 gnomish wizards a ghoul 2 straw golems 7 giant ants a little dog 5 floating eyes 3 dwarves 2 homunculi a kobold lord 7 hill orcs a wererat 2 werejackals 4 iguanas a coyote 2 large kobolds 3 hobgoblins 6 cave spiders a brown mold 3 yellow molds 14 gnomes 3 garter snakes 2 gnome zombies 6 geckos 19 jackals a fox 6 goblins 5 sewer rats 13 grid bugs a bat 5 lichens 4 kobold zombies 7 newts 161 creatures vanquished. Voluntary challenges: You had been an atheist until turn 2213. You used a wielded weapon 223 times, starting on turn 33. You read items or engraved 53 times, starting on turn 160. You never genocided any monsters. You never polymorphed an object. You never changed form. You used no wishes. You never split a pudding. You wrote Elbereth's name 31 times, starting on turn 160. You never violated your personal moral code. Dungeon overview: The Dungeons of Doom: levels 1 to 6 Level 1 a long staircase Level 2 a general store, a fountain stairs to The Gnomish Mines Level 3 a general store, an altar to Camaxtli, a fountain Level 4 Level 5 a fountain Level 6 a fountain The Gnomish Mines: levels 3 to 5 Level 3 stairs to The Dungeons of Doom Level 4 <- You were here Level 5 some shops, a temple to Camaxtli, some fountains History has recorded: On T:1 you entered the Dungeons of Doom to retrieve the Amulet of Yendor! On T:772 you advanced to experience level 2. On T:805 you reached level 2 of The Dungeons of Doom. On T:1211 you advanced to experience level 3. On T:1658 you reached level 3 of The Dungeons of Doom. On T:2199 you advanced to experience level 4. On T:2621 you reached level 4 of The Dungeons of Doom. On T:3561 you advanced to experience level 5. On T:3820 you reached level 5 of The Dungeons of Doom. On T:5020 you reached level 6 of The Dungeons of Doom. On T:5691 you advanced to experience level 6. On T:7168 you reached level 1 of The Gnomish Mines. On T:7200 you reached level 2 of The Gnomish Mines. On T:7325 you reached level 3 of The Gnomish Mines. On T:7656 you advanced to experience level 7. Score breakdown: Gold: 636 ( 9538 points) Experience: 7 levels (13645 points) Exploration: 6 levels ( 12.24%) ( 9682 points) Discoveries: 29 items ( 9.73%) ( 9358 points) Valuables value: (no points given unless you survive) Artifact value: 0 ( 0 points) Variety of kills: 43 monsters ( 11.29%) (10078 points) Turncount: 7918 turns (-2033 points) Survival: died (score multiplied by 80%) Total score: 40214 Latest messages: That food really hit the spot! You finish eating the food ration. You hear some noises in the distance. You hear some noises. Status of azog (neutral): Level 9 HP 40(68) Def 6, tame. You hear some noises in the distance. You hear some noises. Status of the watch captain (chaotic): Level 9 HP 32(48) Def 11. You hit the watch captain! The watch captain swings his long sword. The watch captain hits! The watch captain swings his long sword. The watch captain hits! You hear crashing rock. (3x) Status of the watch captain (chaotic): Level 9 HP 27(48) Def 11. The watch captain swings his long sword. The watch captain hits! The watch captain swings his long sword. The watch captain hits! You die... Final status: Goodbye zoologist the Archeologist, killed by a watch captain... You died in The Gnomish Mines on dungeon level 4 with 40214 points, and 636 pieces of gold, after 7918 moves. You were level 7 with a maximum of 55 hit points when you died.